 Dungeon Crawl Stone Soup version 0.21-a0-258-g4c0eb85 (webtiles) character file.

1303 KristoblXynda the Carver (level 8, 0/56 HPs)
             Began as a Purple Draconian Berserker on Sept 6, 2017.
             Was a Priest of Trog.
             Slain by a scorpion (6 damage)
             ... on level 6 of the Dungeon.
             The game lasted 00:09:30 (4283 turns).

KristoblXynda the Carver (DrBe)                     Turns: 4283, Time: 00:09:30

Health: 0/56       AC:  7    Str: 19    XL:     8   Next: 31%
Magic:  9/9        EV: 13    Int: 10    God:    Trog [***...]
Gold:   185        SH:  0    Dex: 11    Spells: 7/7 levels left

rFire    . . .     SeeInvis .   n - +0 long sword
rCold    . . .     Gourm    .   (no shield)
rNeg     . . .     Faith    .   (armour unavailable)
rPois    .         Spirit   .   (helmet restricted)
rElec    .         Reflect  .   s - scarf {repulsion}
rCorr    .         Harm     .   f - +0 pair of gloves
MR       +....                  (no boots)
Stlth    +++.......             (no amulet)
HPRegen  0.18/turn              (no ring)
MPRegen  0.11/turn              (no ring)

@: lethally poisoned (0 -> -4), repel missiles
A: breathe power, unfitting armour, horns 1, frail 1, wild magic 1,
cold-blooded, AC +6
a: Breathe Dispelling Energy, Berserk, Trog's Hand, Burn Spellbooks, Renounce
Religion


You were on level 6 of the Dungeon.
You worshipped Trog.
Trog was most pleased with you.
You were not hungry.

You visited 1 branch of the dungeon, and saw 6 of its levels.

You collected 185 gold pieces.

Inventory:

Hand Weapons
 n - a +0 long sword (weapon)
Missiles
 a - 2 throwing nets (quivered)
Armour
 f - a +0 pair of gloves (worn)
 p - a +1 cloak
 s - a scarf of repulsion (worn)
Jewellery
 t - a +4 amulet of reflection {unknown}
Wands
 q - a wand of confusion (4/48)
 u - a wand of disintegration (21/24)
Scrolls
 c - a scroll of remove curse
 e - 6 scrolls of teleportation
 r - a scroll of recharging {unknown}
 v - a scroll of enchant weapon
Potions
 d - 3 potions of might {unknown}
 g - a potion of mutation
 h - a potion of lignification {unknown}
 i - a potion of heal wounds
 j - 3 potions of curing
 l - a potion of agility
Books
 k - a book of Maledictions

   Spells                             Type                      Level
   a - Corona                         Hexes                        1
   b - Ensorcelled Hibernation        Hexes/Ice                    2
   c - Confuse                        Hexes                        3
   d - Tukima's Dance                 Hexes                        3
   e - Dazzling Spray                 Conjuration/Hexes            3
   Trog disapproves of the use of such an item.
 o - a book of Cantrips

   Spells                             Type                      Level
   a - Confusing Touch                Hexes                        1
   b - Animate Skeleton               Necromancy                   1
   c - Summon Small Mammal            Summoning                    1
   d - Apportation                    Translocation                1
   Trog disapproves of the use of such an item.
Comestibles
 b - 4 bread rations
 m - 2 royal jellies
 w - 3 chunks of flesh


   Skills:
 - Level 3.2 Fighting
 + Level 8.2 Long Blades
 - Level 3.0 Dodging
 + Level 5.8 Stealth
 + Level 2.5 Evocations


You had 7 spell levels left.
You didn't know any spells.

Dungeon Overview and Level Annotations

Branches:
Dungeon (6/15)             Temple (0/1) D:4

Altars:
Makhleb
Nemelex Xobeh
Qazlal
Ru
The Shining One

Shops:
D:4 %


Innate Abilities, Weirdness & Mutations

You can breathe bolts of dispelling energy.
Your rich purple scales are hard. (AC +6)
You cannot fit into any form of body armour.
You are cold-blooded and may be slowed by cold attacks.
You have a pair of small horns on your head.
You are frail. (-10% HP)
Your spells are a little harder to cast, but a little more powerful.


Message History

You hit the scorpion.
You tail-slap the scorpion, but do no damage.
The scorpion is moderately wounded.
You feel sick. The scorpion stings you.
You barely miss the scorpion.
The scorpion is moderately wounded.
You feel sick. The scorpion completely misses you.
You hit the scorpion.
The scorpion is heavily wounded.
The scorpion stings you.
* * * LOW HITPOINT WARNING * * *
You hit the scorpion but do no damage.
The scorpion is heavily wounded.
You feel sick. The scorpion stings you!
* * * LOW HITPOINT WARNING * * *
You completely miss the scorpion.
You tail-slap the scorpion, but do no damage.
The scorpion is heavily wounded.
The scorpion stings you.
You die...

..########..#
...........##
..........[#
...........######
#...............#
#.#.#......####...
. #.##.#...#######
# #............
##...@#......
.......s#......
######### .....
..... .... ..>.


You could see a scorpion.

Vanquished Creatures
  The ghost of p0werm0de the Skirmisher, an amateur DgWn (D:4)
  A sky beast (D:5)
  3 ogres
  A centaur (D:5)
  A big kobold (D:5)
  2 bullfrogs
  2 orc wizards
  3 orc priests
  3 hounds
  A jelly (D:5)
  A worker ant (D:4)
  A killer bee zombie (D:5)
  A hound zombie (D:5)
  8 adders
  An adder skeleton (D:4)
  4 worms
  4 leopard geckos
  16 orcs
  9 bats
  2 giant cockroaches
  3 goblins
  6 hobgoblins
  14 jackals
  11 kobolds
  3 quokkas
  6 frilled lizards
  A jackal zombie (D:5)
  A quokka skeleton (D:4)
  8 rats
  A plant (D:5)
119 creatures vanquished.

Notes
Turn   | Place    | Note
-------+----------+-------------------------------------------
     0 | D:1      | KristoblXynda the Draconian Berserker began the quest for the Orb.
     0 | D:1      | Reached XP level 1. HP: 19/19 MP: 1/1
   145 | D:1      | Reached XP level 2. HP: 24/26 MP: 2/2
   147 | D:1      | Reached skill level 1 in Stealth
   590 | D:2      | Reached ** piety under Trog
   633 | D:2      | Reached XP level 3. HP: 28/31 MP: 3/3
  1190 | D:2      | Reached skill level 4 in Long Blades
  1190 | D:2      | Reached XP level 4. HP: 30/38 MP: 4/4
  1721 | D:3      | Found a stormy altar of Qazlal.
  1787 | D:3      | Reached XP level 5. HP: 32/45 MP: 5/5
  1827 | D:3      | Reached skill level 5 in Long Blades
  2249 | D:3      | Found a glowing golden altar of the Shining One.
  2381 | D:4      | Noticed an ogre
  2396 | D:4      | Killed an ogre
  2396 | D:4      | Reached XP level 6. HP: 31/51 MP: 6/6
  2438 | D:4      | Found a burning altar of Makhleb.
  2509 | D:4      | Reached *** piety under Trog
  2524 | D:4      | Found a sparkling altar of Nemelex Xobeh.
  2584 | D:4      | Reached skill level 6 in Long Blades
  2620 | D:4      | Noticed p0werm0de's ghost (amateur DgWn)
  2632 | D:4      | Killed p0werm0de's ghost
  2632 | D:4      | Your scales start taking on a rich purple colour.
  2632 | D:4      | Reached XP level 7. HP: 57/57 MP: 7/7
  2712 | D:4      | Found a staircase to the Ecumenical Temple.
  2797 | D:4      | Found Luxim's Food Emporium.
  2854 | D:4      | Found a sacrificial altar of Ru.
  3070 | D:4      | Reached skill level 7 in Long Blades
  3251 | D:5      | Entered Level 5 of the Dungeon
  3323 | D:5      | Reached skill level 5 in Stealth
  3767 | D:5      | Reached skill level 1 in Evocations
  3767 | D:5      | Reached XP level 8. HP: 20/63 MP: 8/8
  3772 | D:5      | Reached skill level 8 in Long Blades
  3779 | D:5      | Gained mutation: You are frail. (-10% HP) [mutagenic meat]
  3780 | D:5      | Lost mutation: You are frail. (-10% HP) [potion of mutation]
  3780 | D:5      | Gained mutation: You have a pair of small horns on your head. [potion of mutation]
  3780 | D:5      | Gained mutation: You are frail. (-10% HP) [potion of mutation]
  3780 | D:5      | Gained mutation: Your spells are a little harder to cast, but a little more powerful. [potion of mutation]
  4283 | D:6      | Slain by a scorpion

Vault maps used:
D:1:      shiori_shiawase, hangedman_decor_points, minmay_misc_feat_chi
D:3:      lemuel_doored_altar, tso_metal_star
D:4:      nicolae_ru_awakened_eye, kennysheep_little_box,
          lightli_temple_of_fire, minmay_temple_entry_enclosed_plants,
          serial_shops, nicolae_shop_window_shopping, minmay_liquid_box
D:5:      first_bread, lexackson_kobold_supper
D:6:      nicolae_overflow_crystal_walls, uniq_crazy_yiuf_cottage, uniq_duvessa

Skill      XL: |  1  2  3  4  5  6  7  8 |
---------------+-------------------------+-----
Stealth        | 1 2 3 4 5 |  5.8
Dodging        | 3 |  3.0
Long Blades    | 4 5 6 7 8 |  8.2
Evocations     | 1 2 |  2.5
Fighting       | |  3.2

Action                   |  1- 3 |  4- 6 |  7- 9 || total
-------------------------+-------+-------+-------++-------
Melee: Falchion          |    99 |   118 |       ||   217
       Tailslap          |    11 |    17 |    23 ||    51
       Long sword        |       |       |   159 ||   159
       Headbutt          |       |       |     1 ||     1
Invok: Berserk           |     1 |     2 |       ||     3
       Trog's Hand       |       |     1 |       ||     1
  Use: Scroll            |       |    10 |     2 ||    12
       Potion            |       |       |     2 ||     2
 Stab: Sleeping          |     1 |     4 |     3 ||     8
  Eat: Chunk             |     2 |     6 |     8 ||    16
Armor: Skin              |    31 |    21 |    65 ||   117
Dodge: Dodged            |    70 |    96 |   115 ||   281
       Deflected         |       |       |     5 ||     5
       Rpst.: Falchion   |    23 |    31 |       ||    54
       Long sword        |       |       |    43 ||    43

Table legend:
 A = Spawn XP
 B = Non-spawn XP
 C = Spawn XP percentage of total XP
 D = Spawn monster count
 E = Non-spawn monster count
 F = Spawn count percentage of total count
 G = Total turns spent on level
                    A         B        C        D         E        F      G
               +---------+---------+-------+---------+---------+-------+---------
         Total |       0 |    1862 |   0.0 |       0 |     118 |   0.0 |  4283
               +---------+---------+-------+---------+---------+-------+---------
           D:1 |       0 |      37 |   0.0 |       0 |      22 |   0.0 |   587
           D:2 |       0 |      65 |   0.0 |       0 |      17 |   0.0 |   795
           D:3 |       0 |     227 |   0.0 |       0 |      30 |   0.0 |   988
           D:4 |       0 |     644 |   0.0 |       0 |      12 |   0.0 |   881
           D:5 |       0 |     701 |   0.0 |       0 |      33 |   0.0 |   941
           D:6 |       0 |     188 |   0.0 |       0 |       4 |   0.0 |    91
               +---------+---------+-------+---------+---------+-------+---------
